AoeStats
← no one

Arena

509756620Analyzed
3v3 RM · 5d ago on Sep 27, 2026· 44m 23s· 6 players
Game mode
Random Map
Map size
Normal (6 player)
Population
200
Speed
Normal
Resources
Standard
Victory
Conquest
Starting age
Dark Age
Ending age
Imperial Age
RankedLock teamsTeams togetherTeam positionsShared explorationLock speedFull tech treeHidden civsTurbo modeCheats
Victory
Defeat
🇵🇪 Poles · Peru
1368
+15
🇲🇽 Malay · Mexico
1320
+17
🇦🇷 Portuguese · Argentina
1241
+20
🇺🇸 Slavs · United States
1401
-21
🇦🇷 Britons · Argentina
1300
-16
🇺🇾 Malians · Uruguay
1293
-15
no one
7:48 Loom
9:39 Feudal Age
9:45 Loom
10:22 Double-Bit Axe
13:20 Fletching
13:25 Horse Collar
20:24 Castle Age
18:49 Gold Mining
21:54 Bow Saw
25:56 Imperial Age
24:40 Bodkin Arrow
24:58 Town Watch
26:42 Bracer
28:14 Ballistics
30:51 Chemistry
34:26 Yeomen
36:47 Wheelbarrow
37:56 Scale Mail Armor
37:57 Padded Archer Armor
38:49 Conscription
41:17 Masonry
41:10 Elite Longbowman
Chelo09
11:20 Feudal Age
16:07 Castle Age
15:18 Double-Bit Axe
15:16 Horse Collar
16:12 Loom
21:58 Arson
25:25 Gold Mining
25:44 Fletching
25:34 Elite Skirmisher
26:18 Padded Archer Armor
28:42 Heavy Plow
29:35 Leather Archer Armor
30:15 Bodkin Arrow
30:49 Bow Saw
35:08 Imperial Age
33:39 Forging
33:29 Scale Mail Armor
33:57 Thumb Ring
36:42 Ring Archer Armor
36:42 Onager
38:59 Chemistry
38:20 Ballistics
38:37 Light Cavalry
AML4554
10:36 Feudal Age
14:25 Castle Age
12:48 Double-Bit Axe
13:14 Horse Collar
23:35 Wheelbarrow
22:45 Loom
24:26 Heavy Plow
24:38 Bow Saw
25:26 Hand Cart
30:24 Imperial Age
27:58 Scale Mail Armor
28:08 Forging
27:30 Man-at-Arms
28:13 Squires
28:37 Detinets
28:33 Long Swordsman
30:05 Chain Mail Armor
30:26 Iron Casting
29:33 Pikeman
31:50 Plate Mail Armor
31:01 Halberdier
33:14 Blast Furnace
33:11 Conscription
33:20 Druzhina
32:56 Two-Handed Swordsman
35:21 Two-Man Saw
34:42 Champion
39:28 Coinage
41:08 Hoardings
41:43 Scale Barding Armor
41:40 Husbandry
41:51 Bloodlines
41:02 Light Cavalry
Alex Kriz Froz
5:28 Loom
8:04 Feudal Age
8:55 Double-Bit Axe
12:28 Horse Collar
19:29 Castle Age
19:23 Town Watch
21:14 Bow Saw
25:11 Wheelbarrow
24:38 Town Patrol
29:42 Scale Barding Armor
29:47 Forging
31:35 Hand Cart
31:16 Crossbowman
31:49 Fletching
32:00 Padded Archer Armor
34:46 Imperial Age
33:03 Fletching
33:36 Leather Archer Armor
33:44 Ballistics
33:47 Chain Barding Armor
33:47 Crossbowman
34:32 Thumb Ring
34:38 Bodkin Arrow
35:30 Bracer
36:32 Chemistry
36:06 Conscription
35:31 Arbalester
37:01 Heavy Plow
36:55 Gold Mining
36:56 Stone Mining
37:05 Stone Mining
38:02 Chain Barding Armor
37:45 Husbandry
37:06 Light Cavalry
38:35 Crop Rotation
38:43 Stone Shaft Mining
38:27 Forging
39:45 Iron Casting
39:14 Winged Hussar
40:05 Bloodlines
41:19 Blast Furnace
44:04 Lechitic Legacy
Agua Mineral
10:13 Feudal Age
15:55 Castle Age
14:35 Stone Mining
14:40 Double-Bit Axe
18:00 Gold Mining
22:43 Imperial Age
21:29 Horse Collar
23:13 Loom
25:22 Town Watch
27:22 Town Patrol
27:43 Bow Saw
30:05 Chemistry
30:51 Fletching
31:38 Stone Shaft Mining
31:46 Pikeman
33:30 Forging
33:16 Bodkin Arrow
33:36 Halberdier
35:00 Iron Casting
34:49 Conscription
35:59 Bracer
37:54 Arquebus
37:17 Elite Organ Gun
38:12 Siege Engineers
38:45 Treadmill Crane
39:15 Masonry
41:27 Arquebus
43:05 Wheelbarrow
44:29 Blast Furnace
43:17 Gambesons
AnuBis Killer
12:37 Feudal Age
16:06 Castle Age
16:18 Horse Collar
16:25 Double-Bit Axe
16:36 Gold Mining
19:51 Loom
23:44 Wheelbarrow
27:51 Imperial Age
26:14 Hand Cart
26:11 Forging
26:06 Scale Barding Armor
26:11 Forging
26:06 Scale Barding Armor
27:29 Iron Casting
26:59 Scale Barding Armor
27:24 Elite Battle Elephant
28:14 Husbandry
30:36 Blast Furnace
30:29 Bow Saw
30:21 Heavy Plow
32:33 Crop Rotation
31:56 Fletching
34:47 Bodkin Arrow
36:17 Conscription
37:45 Gold Shaft Mining
37:00 Stone Mining
37:45 Gold Shaft Mining
37:00 Stone Mining
39:46 Bracer
39:46 Padded Archer Armor
39:47 Bracer
39:47 Padded Archer Armor
40:11 Ballistics
40:52 Chemistry
40:16 Elite Skirmisher
43:32 Masonry
43:03 Treadmill Crane
Connection lost

Rejoining the realm…

Still unreachable

The connection could not be restored.

Session expired

The server has moved on; the page needs a fresh start.